 Dungeon Crawl Stone Soup version bcrawl-1.41.1 (webtiles) character file.

Game seed: 13233973265871644087

111857 Offlinedude47 the Twirler (level 3, -6/33 HPs)
             Began as a Minotaur Monk on Apr 19, 2024.
             Mangled by an ogre
             ... wielding a +0 giant club
              (16 damage)
             ... on level 3 of the Dungeon.
             The game lasted 00:07:27 (1437 turns).

Offlinedude47 the Twirler (Minotaur Monk)           Turns: 1437, Time: 00:07:27

Health: -6/33      AC:  2    Str: 16    XL:     3   Next: 44%
Magic:  0/3        EV: 12    Int:  7    God:
Gold:   76         SH:  0    Dex:  8    Spells: 2/2 levels left

rFire    . . .     GDR:     19% a - +0 quarterstaff
rCold    . . .     SeeInvis .   (shield currently unavailable)
rNeg     . . .     Gourm    .   b - +0 robe
rPois    .         Faith    .   c - +0 hat
rElec    .         Spirit   +   (no cloak)
rCorr    .         Reflect  .   (no gloves)
MR       .....                  (no boots)
Stlth    ..........             d - amulet of guardian spirit
HPRegen  0.15/turn              l - ring of attention (curse)
MPRegen  0.08/turn              q - -4 ring of dexterity (curse)

@: fainting
A: retaliatory headbutt, horns 2
a: no special abilities


You were on level 3 of the Dungeon.
You were fainting.

You visited 1 branch of the dungeon, and saw 3 of its levels.

You collected 76 gold pieces.

Inventory:

Hand Weapons
 a - a +0 quarterstaff (weapon)
 n - a +0 spear
Missiles
 h - 375 stones (quivered)
 k - 142 bolts
 v - 119 arrows
Armour
 b - a +0 robe (worn)
 c - a +0 hat (worn)
 o - a +0 ring mail
Jewellery
 d - an amulet of guardian spirit (around neck)
 l - a cursed ring of attention (left hand)
 m - a +2 ring of protection
 q - a cursed -4 ring of dexterity (right hand)
Scrolls
 f - 3 scrolls of remove curse
 i - 2 scrolls of identify
 j - 2 scrolls of enchant weapon {unknown}
 t - a scroll of immolation {unknown}
 u - a scroll of teleportation {unknown}
Potions
 g - 3 potions of heal wounds {unknown}
 p - 2 potions of lignification {unknown}
 r - a potion of curing {unknown}
 s - a potion of degeneration {unknown}
 w - a potion of brilliance {unknown}
Comestibles
 e - 9 rations {!d}


   Skills:
 + Level 4.1 Fighting
 + Level 4.3 Staves
 + Level 4.0 Dodging
 + Level 1.9 Stealth
   Level 2.0 Invocations


You had 2 spell levels left.
You didn't know any spells.
Your spell library was empty.

Dungeon Overview and Level Annotations

Branches:
Dungeon (3/12)

Altars:
Fedhas


Innate Abilities, Weirdness & Mutations

You reflexively headbutt those who attack you in melee.
You have a pair of horns on your head.


Message History

The ogre is lightly wounded.
The ogre closely misses you.
You hit the ogre but do no damage.
You headbutt the ogre, but do no damage.
The ogre is lightly wounded.
The ogre hits you with a +0 giant club!!
Ouch! That really hurt!
You sock the ogre! You headbutt the ogre.
The ogre is heavily wounded.
You sock the ogre!
The ogre is severely wounded.
The ogre closely misses you.
You barely miss the ogre.
You headbutt the ogre, but do no damage.
The ogre is severely wounded.
The ogre hits you with a +0 giant club.
You barely miss the ogre. Your headbutt misses the ogre.
The ogre is severely wounded.
The ogre hits you with a +0 giant club!
You die...

#.#<#.# ..#
#.....#
#.#.#.....#
#.#.#.....#
#.#.#.....#
#.#.##....#
#.#..#.#### .
#.###O##.#.#..#..#
#....@%..#........
#####.........####
##..........<#
#.#####.##### #.#
... #.# #### #.#
#.# #.


You could see an ogre.

Vanquished Creatures
  2 worms (D:2)
  4 bats
  8 goblins
  8 hobgoblins
  2 jackals (D:2)
  3 kobolds
  A quokka (D:2)
  3 frilled lizards (D:2)
  5 rats
36 creatures vanquished.

Notes
Turn   | Place    | Note
-------+----------+-------------------------------------------
     0 | D:1      | Offlinedude47 the Minotaur Monk began the quest for the
                  | Orb.
     0 | D:1      | Reached XP level 1. HP: 19/19 MP: 1/1
   313 | D:1      | Reached XP level 2. HP: 27/27 MP: 2/2
   923 | D:2      | Found a blossoming altar of Fedhas.
   930 | D:2      | Reached XP level 3. HP: 23/33 MP: 3/3
  1428 | D:3      | Noticed an ogre
  1437 | D:3      | Mangled by an ogre

Skill      XL: |  1  2  3 |
---------------+----------+-----
Staves         | 4 |  4.3
Fighting       | 4 |  4.1
Dodging        | 4 |  4.0
Stealth        | |  1.9
Invocations    | |  2.0

Action                   || total
-------------------------++-------
Melee: Quarterstaff      ||    71
       Headbutt          ||    12
Armor: Robe              ||    12
Dodge: Dodged            ||    66
